 Dungeon Crawl Stone Soup version 0.27-a0-1416-g941b2bd30b (webtiles) character file.

Game seed: 9973474463397342856

35 Tocho the Ruffian (level 3, -7/28 HPs)
             Began as a Draconian Transmuter on July 1, 2021.
             Mangled by Terence (10 damage)
             ... on level 2 of the Dungeon.
             The game lasted 00:03:26 (1807 turns).

Tocho the Ruffian (Draconian Transmuter)            Turns: 1807, Time: 00:03:27

Health: -7/28      AC:  5    Str: 13    XL:     3   Next: 16%
Magic:  4/6        EV: 12    Int: 13    God:
Gold:   32         SH:  0    Dex: 11    Spells: 3/6 levels left

rFire    . . .     SeeInvis .     - Unarmed
rCold    . . .     Faith    .   (no shield)
rNeg     . . .     Spirit   .   (armour unavailable)
rPois    .         Reflect  .   (helmet currently unavailable)
rElec    .         Harm     .   (no cloak)
rCorr    .         Rampage  .   (no gloves)
Will     .....                  (boots currently unavailable)
Stlth    +.........             (no amulet)
HPRegen  0.09/turn              (no ring)
MPRegen  0.10/turn              (no ring)

@: appendages (expiring), wereblooded
A: horns 2, talons 2, AC +5, unfitting armour, cold-blooded
a: End Transformation


You were on level 2 of the Dungeon.
You had temporarily grown beastly horns and talons.
You visited 1 branch of the dungeon, and saw 2 of its levels.

You collected 32 gold pieces.

Inventory:

Jewellery
 c - a ring of resist corrosion
Potions
 a - 2 potions of flight {unknown}
 b - a potion of invisibility {unknown}
 e - a potion of heal wounds {unknown}


   Skills:
 + Level 1.1 Fighting
 + Level 2.1 Dodging
 + Level 0.3 Stealth
 + Level 3.6 Unarmed Combat
 + Level 2.3 Spellcasting
 + Level 2.3 Transmutations


You had 3 spell levels left.
You knew the following spells:

 Your Spells              Type           Power      Damage    Failure   Level
a - Beastly Appendage     Tmut           14%        N/A       10%         1
b - Wereblood             Tmut           7%         N/A       14%         2

Your spell library contained the following spells:

 Spells                   Type           Power      Damage    Failure   Level
 Static Discharge         Conj/Air       1%         N/A       36%         2
 Spider Form              Tmut/Pois      2%         N/A       43%         3
 Portal Projectile        Hex/Tloc       2%         N/A       58%         3
 Ice Form                 Ice/Tmut       4%         N/A       83%         4
 Dispel Undead            Necr           1%         3d6       94%         4
 Sticky Flame             Conj/Fire      1%         2d3       94%         4
 Blade Hands              Tmut           3%         N/A       95%         5
 Excruciating Wounds      Necr           0%         N/A       100%        5


Dungeon Overview and Level Annotations

Branches:
Dungeon (2/15)

Altars:

Shops:
D:2 (

Annotations:
D:2 Terence


Innate Abilities, Weirdness & Mutations

You have temporarily grown beastly horns and talons.
Your plain brown scales are hard. (AC +5)
You cannot fit into any form of body armour.
You are cold-blooded and may be slowed by cold attacks.


Message History

Confirm with . or Enter, or press ? or * to list all spells.
You grow a pair of large bovine horns.
Your feet morph into talons.
Casting: Beastly Appendage (safe; 10% risk of failure)
Confirm with . or Enter, or press ? or * to list all spells.
Your blood is infused with primal strength.
Terence hits you with a +0 flail.
You hit Terence but do no damage. You claw Terence, but do no damage.
Terence hits you with a +0 flail.
You closely miss Terence. Terence hits you with a +0 flail!
You are too injured to fight recklessly!
You are too injured to fight recklessly!
You are too injured to fight recklessly!
You are too injured to fight recklessly!
You are too injured to fight recklessly!
You are too injured to fight recklessly!
You are too injured to fight recklessly!
You are too injured to fight recklessly!
You are too injured to fight recklessly!
You are too injured to fight recklessly!
You hit Terence. You claw Terence, but do no damage.
Terence is lightly wounded.
Terence completely misses you.
You barely miss Terence. You claw Terence, but do no damage.
Terence is lightly wounded.
Terence hits you with a +0 flail.
You hit Terence but do no damage. Your kick misses Terence.
Terence is lightly wounded.
Terence hits you but does no damage.
You hit Terence.
Terence is moderately wounded.
Terence misses you.
You hit Terence. Your kick misses Terence. Your headbutt misses Terence.
Terence is moderately wounded.
Your transformation is almost over.
Terence hits you with a +0 flail!
* * * LOW HITPOINT WARNING * * *
You barely miss Terence.
Terence is moderately wounded.
Terence hits you with a +0 flail!
You die...

#. .. ...... ####..
...... ...#.# ## #.....!
##.#.# #. ....... ##.#.#
#. ....... ##.#.# # #.
....... .....#
#.##.##@...... ##.###
#:#...@..##.# ...#
#...#..#....# ####
###......##.# # #
#####...#.#.#.##.#
#########.......†###....
..........###...#.#.#.#
######### ##...<....#
.......# #####.####
######.# #.#


You could see Terence.

Vanquished Creatures
  A dart slug (D:1)
  2 endoplasms (D:1)
  A giant cockroach (D:1)
  6 goblins (D:1)
  A hobgoblin (D:1)
  4 jackals (D:1)
  2 kobolds
  2 quokkas (D:1)
  3 ball pythons (D:1)
  2 bats
  A frilled lizard (D:1)
  6 rats
31 creatures vanquished.

Notes
Turn   | Place    | Note
-------+----------+-------------------------------------------
     0 | D:1      | Tocho the Draconian Transmuter began the quest for the Orb.
     0 | D:1      | Reached XP level 1. HP: 16/16 MP: 3/3
   535 | D:1      | Reached XP level 2. HP: 13/23 MP: 5/5
   538 | D:1      | Learned a level 2 spell: Wereblood
  1409 | D:1      | Reached XP level 3. HP: 24/28 MP: 2/6
  1703 | D:2      | Found Fomewamu's Weapon Shoppe.
  1794 | D:2      | Noticed Terence
  1807 | D:2      | Mangled by Terence

Illustrated notes

Levels and vault maps discovered:
D:1:      sevenhm_arrival_forest_fort_large_3, layout_basic,
          hangedman_decor_diamond_cutter
D:2:      layout_loops_ring, ebering_ecumenical_altar_ruins, serial_shops, shop,
          uniq_terence

Skill      XL: |  1  2 |
---------------+-------+-----
Dodging        | 2 |  2.1
Fighting       | |  1.1
Stealth        | |  0.3
Unarmed Combat | |  3.6
Spellcasting   | |  2.3
Transmutations | |  2.3

Action                   || total
-------------------------++-------
Melee: Unarmed           ||    95
       Kick              ||    12
       Punch             ||     2
       Headbutt          ||     5
       Tailslap          ||     3
 Cast: Beastly Appendage ||    13
       Wereblood         ||    11
  Use: Scroll            ||     1
 Stab: Sleeping          ||     3
Armor: Skin              ||    24
Dodge: Dodged            ||    57

Table legend: (Time is in decaauts)
 A = Elapsed time spent in this place.
 B = Non-inter-level travel time spent in this place.
 C = Inter-level travel time spent in this place.
 D = Time resting spent in this place.
 E = Time spent auto-exploring this place.
 F = Levels seen in this place.
 G = Mean time per level.
                   A        B        C        D        E       F      G
               +--------+--------+--------+--------+--------+-----+--------+
         Total |   1801 |   1771 |     30 |      0 |   1564 |   2 |  900.5 |
       Dungeon |   1801 |   1771 |     30 |      0 |   1564 |   2 |  900.5 |
               +--------+--------+--------+--------+--------+-----+--------+

Top non-repeatable levels by time:
     D:1: 1632 daAuts
     D:2: 168 daAuts
